 Dungeon Crawl Stone Soup version 0.25-a0-651-g8c222c7a2b (webtiles) character file.

Game seed: 17233928985379666122, levelgen mode: deterministic

12962 Chromatus the Cleaver (level 12, -12/95 HPs)
             Began as a Formicid Fighter on Mar 21, 2020.
             Was an Elder of the Shining One.
             Killed from afar by a wretched star (15 damage)
             ... with a lance of force
             ... on level 1 of the Abyss on Mar 22, 2020.
             The game lasted 01:06:18 (14827 turns).

Chromatus the Cleaver (Formicid Fighter)           Turns: 14827, Time: 01:06:19

Health: -12/95     AC: 17    Str: 26    XL:     12   Next: 26%
Magic:  17/17      EV: 22    Int: 12    God:    the Shining One [****..]
Gold:   376        SH: 18    Dex: 10    Spells: 13/14 levels left

rFire    . . .     SeeInvis +   B - +3 battleaxe
rCold    . . .     Gourm    .   i - +0 tower shield (curse)
rNeg     + + +     Faith    .   o - +0 chain mail
rPois    .         Spirit   .   (helmet unavailable)
rElec    .         Reflect  .   D - +2 cloak
rCorr    +         Harm     .   F - +0 pair of gloves
MR       +....                  n - +0 pair of boots
Stlth    ..........             s - amulet of the acrobat
HPRegen  0.25/turn              O - ring "Ywoot" {*Contam rN++ rCorr Int+4}
MPRegen  0.15/turn              (no ring)

@: acrobat, glowing, studying Armour
A: permanent stasis, dig shafts and tunnels, four strong arms, antennae 3
a: Dig, Shaft Self, Divine Shield, Cleansing Flame, Renounce Religion


You were on level 1 of the Abyss.
You worshipped the Shining One.
The Shining One was greatly pleased with you.
You were not hungry.

You visited 2 branches of the dungeon, and saw 12 of its levels.
You visited the Abyss 1 time.

You collected 540 gold pieces.
You spent 164 gold pieces at shops.

Inventory:

Hand Weapons
 B - a +3 battleaxe (weapon)
   (You took it off a wight on level 6 of the Dungeon)
 H - the +1 long sword of Gabauqe {drain, rN+ Int+4, unknown}
   (You found it on level 9 of the Dungeon)

   A truly terrible weapon, it drains the life of those it strikes.
   It affects your intelligence (+4).
   It protects you from negative energy.
   The Shining One disapproves of the use of such an item.
 L - the +3 spear of Gukharai {venom, rPois rF+}
   (You took it off a gnoll sergeant on level 7 of the Dungeon)

   It poisons the flesh of those it strikes.
   It protects you from fire.
   It protects you from poison.
Missiles
 v - 223 stones (quivered)
 N - a throwing net {!f}
Armour
 g - +0 acid dragon scales
   (You took it off Maggie on level 7 of the Dungeon)
 i - a cursed +0 tower shield (worn)
   (You found it on level 4 of the Dungeon)
 n - a +0 pair of boots (worn)
   (You found it on level 2 of the Dungeon)
 o - a +0 chain mail (worn)
   (You took it off an orc on level 4 of the Dungeon)
 w - a +2 ring mail of fire resistance
   (You took it off an orc on level 6 of the Dungeon)
 D - a +2 cloak (worn)
   (You took it off Maurice on level 10 of the Dungeon)
 F - a +0 pair of gloves (worn)
   (You found it on level 9 of the Dungeon)
Jewellery
 s - an amulet of the acrobat (around neck)
   (You found it on level 4 of the Dungeon)
 O - the ring "Ywoot" (left hand) {*Contam rN++ rCorr Int+4}
   (You found it on level 7 of the Dungeon)

   [ring of resist corrosion]

   It affects your intelligence (+4).
   It greatly protects you from negative energy.
   It causes magical contamination when unequipped.
   It provides partial protection from all sources of acid and corrosion.
Wands
 a - a wand of enslavement (22)
   (You found it on level 8 of the Dungeon)
 c - a wand of disintegration (8)
   (You took it off a gnoll on level 7 of the Dungeon)
 t - a wand of flame (15)
   (You took it off Maurice on level 10 of the Dungeon)
 x - a wand of acid (9)
   (You found it on level 10 of the Dungeon)
Scrolls
 b - 3 scrolls of blinking {unknown}
 f - 2 scrolls of magic mapping
 j - 4 scrolls of enchant armour
 k - 9 scrolls of remove curse {@r2}
 p - 2 scrolls of fear {unknown}
 r - a scroll of summoning {unknown}
 u - a scroll of silence
 y - a scroll of enchant weapon
 z - a scroll of fog
 E - 2 scrolls of amnesia {unknown}
 J - 3 scrolls of random uselessness {unknown}
Potions
 d - a potion of flight {unknown}
 h - 2 potions of haste {unknown}
 l - 4 potions of curing {@q1}
 m - 3 potions of ambrosia
 q - a potion of resistance {unknown}
 A - a potion of lignification {unknown}
 C - 2 potions of brilliance {unknown}
 K - 4 potions of heal wounds {@q2}
Books
 P - a manual of Armour {!d}
   (You found it on level 7 of the Dungeon)
Miscellaneous
 G - a tin of tremorstones
Comestibles
 e - 12 rations {!d}


   Skills:
 + Level 9.3 Fighting
 * Level 11.4 Axes
 + Level 9.4 Armour
 + Level 10.1 Shields
 - Level 1.7 Spellcasting
 - Level 2.0 Earth Magic
 + Level 7.0 Invocations


You had 13 spell levels left.
You knew the following spells:

 Your Spells              Type           Power        Failure   Level  Hunger
a - Sandblast             Erth           #.....       86%         1    ##.....

Your spell library contained the following spells:

 Spells                   Type           Power        Failure   Level  Hunger
 Corona                   Hex            #......      98%         1    ##.....
 Passwall                 Tmut/Erth      #.......     98%         2    ###....
 Ensorcelled Hibernation  Hex/Ice        #.....       99%         2    ###....
 Confusing Touch          Hex            #.......     100%        3    ####...
 Dazzling Flash           Conj/Hex       #.....       100%        3    ####...
 Stone Arrow              Conj/Erth      #.....       100%        3    ####...
 Tukima's Dance           Hex            #.......     100%        3    ####...
 Petrify                  Tmut/Erth      #.......     100%        4    #####..
 Lee's Rapid Deconstruct  Erth           #.........   100%        5    ######.


Dungeon Overview and Level Annotations

Branches:
Dungeon (11/15)            Temple (1/1) D:6            Lair (0/6) D:9
    Orc: D:9-12

Altars:
Ashenzari
Cheibriados
Dithmenos
Elyvilon
Fedhas
Gozag
Hepliaklqana
Kikubaaqudgha
Makhleb
Nemelex Xobeh
Okawaru
Qazlal
Ru
Sif Muna
Trog
Uskayaw
Vehumet
Wu Jian
Xom
Yredelemnul
Zin
The Shining One

Shops:
D:4 [   D:5 *

Annotations:
D:10 Sonja


Innate Abilities, Weirdness & Mutations

You cannot be hasted, slowed, berserked, paralysed or teleported.
You can dig through walls and to a lower floor.
Your four strong arms can wield two-handed weapons with a shield.
You have a pair of large antennae on your head. (SInv)


Message History

You feel a strange sense of stasis.
You closely miss Sonja. Sonja hits you but does no damage.
Space bends around you. You block Sonja's attack. x2
Sonja hits you with a +2 short sword of distortion.
You are cast into the Abyss!
To return, you must find a gate leading back.
Killing monsters will force the Abyss to allow you passage.
This branch contains the abyssal rune of Zot.
Beware, you cannot shaft yourself on this level.
Found 25 bolts.
You start resting.
You sense a monster nearby.
A starcursed mass comes into view.
A large abomination comes into view.
The starcursed mass shrieks in your mind.
A starcursed mass splits.
The starcursed mass shrieks in your mind.
A starcursed mass splits.
The starcursed mass shrieks in your mind.
A chorus of shrieks assaults your mind.
A starcursed mass splits. x2
Found a potion of heal wounds and 16 arrows.
A wretched star comes into view.
You can now channel blasts of cleansing flame.
You see here a potion of heal wounds {@q2}.
K - 5 potions of heal wounds {@q2} (gained 1)
A spatial vortex comes into view.
The spatial vortex moves out of view.
The wretched star glows turbulently.
The lance of force hits you!
You are knocked back by the lance of force.
You slam into the stone wall!
* * * LOW HITPOINT WARNING * * *
Found a scroll of remove curse.
A starcursed mass splits.
The starcursed mass shrieks in your mind.
* * * LOW HITPOINT WARNING * * *
You feel much better. A chorus of shrieks assaults your mind.
* * * LOW HITPOINT WARNING * * *
The wretched star glows turbulently.
The lance of force hits you!!
* * * LOW HITPOINT WARNING * * *
You are knocked back by the lance of force.
You slam into the metal wall!
* * * LOW HITPOINT WARNING * * *
Found 56 gold pieces.
The wretched star glows turbulently.
The lance of force hits you!
You die...

#...###...{.X#...
#. ..
#.##.#*.*{...##.
# ###ยง #...#
{.##.#. ..
#..#.####.##. #
## #.### #.# .#..
##..# ..# ..#.#
#*## .# .?
#.##..# #.#@..#
#....#....#
....#.#.# .#..#
.....###. # .
#.... # #....
##... #.


You could see a wretched star.

Vanquished Creatures
  Erica (D:9)
  The ghost of Majang the Cleaver, a novice DsGl of Makhleb (D:7)
  2 unseen horrors (D:10)
  Pikel (D:6)
  An ugly thing (D:10)
  Maurice (D:10)
  Psyche (D:8)
  Maggie (D:7)
  A komodo dragon (D:9)
  Grinder (D:6)
  A hippogriff (D:6)
  2 wyverns
  A wraith (D:10)
  A human (D:6)
  2 yaks (D:7)
  A steam dragon (D:9)
  Grum (D:7)
  4 hungry ghosts
  Menkaure (D:4)
  2 hogs (D:6)
  An acid dragon (D:10)
  A water moccasin (D:7)
  Duvessa (D:6)
  2 ice beasts
  2 sky beasts
  A necrophage (D:9)
  An orc warrior (D:8)
  2 slaves
  4 phantoms
  12 ogres
  2 wolves (D:7)
  An eye of draining (D:10)
  3 centaurs
  A big kobold (D:9)
  A crocodile (D:9)
  9 bullfrogs
  A gnoll sergeant (D:7)
  A wyvern zombie (D:10)
  4 scorpions
  Dowan (D:6)
  4 killer bees (D:7)
  An electric eel (D:8)
  10 wights
  5 howler monkeys
  5 crimson imps
  A lava snake (D:8)
  A centaur zombie (D:10)
  4 bullfrog zombies
  A bullfrog skeleton (D:10)
  3 hounds
  A centaur skeleton (D:6)
  8 orc priests
  2 jellies (D:5)
  2 iguanas
  10 orc wizards
  A gnoll shaman (D:7)
  7 worker ants
  2 hound zombies (D:7)
  A hound skeleton (D:5)
  2 worker ant zombies
  A howler monkey zombie (D:7)
  6 adders
  13 gnolls
  An adder zombie (D:6)
  2 oozes
  A worm (D:2)
  3 dart slugs
  8 leopard geckos
  15 orcs
  8 giant cockroaches
  6 goblins
  11 hobgoblins
  18 jackals
  5 quokkas
  10 bats
  5 frilled lizards
  6 kobolds
  A leopard gecko skeleton (D:4)
  A quokka skeleton (D:6)
  8 rats
278 creatures vanquished.

Vanquished Creatures (others)
  8 plants
8 creatures vanquished.

Grand Total: 286 creatures vanquished

Notes
Turn   | Place    | Note
-------+----------+-------------------------------------------
     0 | D:1      | Chromatus the Formicid Fighter began the quest for the Orb.
     0 | D:1      | Reached XP level 1. HP: 18/18 MP: 1/1
   301 | D:1      | Reached XP level 2. HP: 23/24 MP: 2/2
   506 | D:1      | Reached XP level 3. HP: 27/29 MP: 3/3
  1691 | D:2      | Reached XP level 4. HP: 37/37 MP: 4/4
  1903 | D:2      | Reached skill level 3 in Axes
  2026 | D:3      | Noticed a phantom
  2085 | D:3      | Killed a phantom
  2085 | D:3      | Reached XP level 5. HP: 24/42 MP: 5/5
  2909 | D:3      | Found a glowing golden altar of the Shining One.
  2968 | D:3      | Became a worshipper of the Shining One
  3057 | D:3      | Found a bloodstained altar of Trog.
  3141 | D:4      | Noticed an ogre
  3233 | D:3      | Killed an ogre
  3233 | D:3      | Reached skill level 4 in Axes
  3233 | D:3      | Reached XP level 6. HP: 15/49 MP: 6/6
  3480 | D:4      | Noticed Menkaure
  3494 | D:4      | The Shining One protects you from harm!
  3496 | D:4      | Killed Menkaure
  3496 | D:4      | Reached skill level 5 in Shields
  3496 | D:4      | Reached XP level 7. HP: 6/55 MP: 7/7
  3997 | D:4      | Found Faoqeadi's Antique Armour Shoppe.
  4043 | D:4      | Reached skill level 5 in Axes
  4639 | D:5      | Entered Level 5 of the Dungeon
  4664 | D:4      | Upgraded the game from 0.25-a0-645-gb4487340cb to
                  | 0.25-a0-651-g8c222c7a2b
  4782 | D:5      | Reached skill level 5 in Armour
  4800 | D:5      | Reached * piety under the Shining One
  4800 | D:5      | Reached skill level 5 in Fighting
  4804 | D:5      | Learned a level 1 spell: Sandblast
  4854 | D:5      | Reached XP level 8. HP: 40/62 MP: 8/8
  5016 | D:5      | Reached skill level 1 in Earth Magic
  5030 | D:5      | Reached skill level 1 in Spellcasting
  5097 | D:5      | Reached skill level 6 in Axes
  5302 | D:5      | Found Utwayre's General Store.
  5306 | D:5      | Bought a scroll of magic mapping for 52 gold pieces
  5306 | D:5      | Bought a scroll of silence for 112 gold pieces
  5790 | D:6      | Reached XP level 9. HP: 69/69 MP: 11/11
  5830 | D:6      | Noticed Pikel
  6045 | D:6      | Found a staircase to the Ecumenical Temple.
  6056 | Temple   | Entered the Ecumenical Temple
  6425 | D:6      | Reached skill level 7 in Axes
  6557 | D:6      | Noticed Grinder
  6600 | D:6      | Killed Grinder
  6706 | D:6      | Reached ** piety under the Shining One
  6813 | D:6      | Noticed Duvessa
  6813 | D:6      | Noticed Dowan
  6868 | D:6      | Killed Dowan
  6870 | D:6      | Killed Duvessa
  6870 | D:6      | Reached skill level 1 in Invocations
  7268 | D:6      | Killed Pikel
  7268 | D:6      | Reached skill level 8 in Axes
  7374 | D:6      | Reached XP level 10. HP: 66/77 MP: 12/12
  7583 | D:7      | Noticed Maggie
  8228 | D:7      | Found a snail-covered altar of Cheibriados.
  8367 | D:7      | Reached skill level 9 in Axes
  8576 | D:7      | Found a transporter.
  8582 | D:7      | Noticed Grum
  8588 | D:7      | Noticed Majang's ghost (novice DsGl)
  8667 | D:7      | Found a transporter.
  8680 | D:7      | Identified the +3 spear of Gukharai {venom, rPois rF+}
  8680 | D:7      | Identified the cursed +0 kite shield of Starshine {-Tele
                  | rElec Stlth+}
  8784 | D:7      | Reached *** piety under the Shining One
  9441 | D:7      | Killed Maggie
  9441 | D:7      | Reached XP level 11. HP: 73/86 MP: 12/14
  9763 | D:8      | Reached skill level 5 in Invocations
 10330 | D:8      | Reached skill level 10 in Axes
 10720 | D:8      | Noticed Psyche
 10727 | D:8      | Killed Psyche
 11291 | D:9      | Found a staircase to the Lair.
 11650 | D:9      | Noticed Erica
 11796 | D:9      | Got a translucent long sword
 11963 | D:10     | Entered Level 10 of the Dungeon
 12159 | D:10     | Noticed an unseen horror
 12167 | D:10     | Killed an unseen horror
 12390 | D:10     | Reached **** piety under the Shining One
 12517 | D:10     | Noticed an unseen horror
 12647 | D:9      | Killed Erica
 12974 | D:10     | Killed an unseen horror
 13048 | D:10     | Reached skill level 11 in Axes
 13085 | D:10     | Found an opulent altar of Gozag.
 13139 | D:10     | Reached XP level 12. HP: 76/94 MP: 16/16
 13686 | D:7      | Killed Grum
 13698 | D:7      | Reached skill level 10 in Shields
 13707 | D:7      | Killed Majang's ghost
 13752 | D:7      | Got a coiled steel ring
 13762 | D:7      | Identified the ring "Ywoot" {*Contam rN++ rCorr Int+4} (You
                  | found it on level 7 of the Dungeon)
 13937 | D:11     | Noticed Maurice
 13942 | D:11     | Noticed Sonja
 13965 | D:10     | Killed Maurice
 14133 | D:11     | Noticed an unseen horror
 14654 | D:10     | Cast into level 1 of the Abyss (Sonja)
 14791 | Abyss:1  | Noticed a starcursed mass
 14791 | Abyss:1  | Noticed a large abomination
 14810 | Abyss:1  | Noticed a wretched star
 14820 | Abyss:1  | HP: 1/95 [metal wall collision (15)]
 14827 | Abyss:1  | Killed from afar by a wretched star

Levels and vault maps discovered:
D:1:      sevenhm_arrival_forest_fort_small_4, layout_loops_ring,
          corexii_item_surrounded_by_moat
D:2:      layout_basic, first_ration
D:3:      layout_loops_ring, tso_metal_star, chequers_avenue, st_stairs_10,
          trog_book
D:4:      layout_basic, portal_sewer_entry_f, serial_shops,
          nicolae_shop_temple_entry_statues_fountains, uniq_menkaure
D:5:      layout_loops_ring, serial_shops, shop
D:6:      layout_loops_corners, minmay_temple_entry_crystal_x, uniq_grinder,
          uniq_pikel, uniq_duvessa
D:7:      layout_cave_pools, gammafunk_ghost_gnarly_gnolls, grunt_livestock,
          minmay_ruined_shrine, uniq_maggie
D:8:      layout_loops_ring, minivault_14, kennysheep_potato, uniq_psyche
D:9:      layout_loops_ring, david_lair_shrubbed, uniq_erica
D:10:     layout_basic, basic_altar
D:11:     minmay_s_stair_smasher, layout_basic, uniq_sonja, uniq_maurice
Temple:   compressed_dpeg_triangle_lava_temple
Abyss:1:  base:
D:4

Skill      XL: |  1  2  3  4  5  6  7  8  9 10 11 12 |
---------------+-------------------------------------+-----
Shields        | 4 5 6 7 8 9 10 | 10.1
Axes           | 3 4 5 6 8 9 11 | 11.4
Fighting       | 4 5 6 8 9 |  9.3
Armour         | 4 5 6 7 9 |  9.4
Earth Magic    | 2 |  2.0
Spellcasting   | 1 |  1.7
Invocations    | 2 4 6 7 |  7.0

Action                   |  1- 3 |  4- 6 |  7- 9 | 10-12 || total
-------------------------+-------+-------+-------+-------++-------
Melee: War axe           |   144 |   116 |   229 |   158 ||   647
       Battleaxe         |       |       |       |   303 ||   303
Throw: Stone             |       |       |       |     1 ||     1
       Boomerang         |       |       |       |     1 ||     1
Invok: Divine Shield     |       |       |       |     3 ||     3
       Cleansing Flame   |       |       |       |     5 ||     5
  Use: Scroll            |       |     8 |       |     4 ||    12
       Potion            |       |       |     1 |     3 ||     4
  Eat: Chunk             |     3 |     3 |     8 |    17 ||    31
       Ration            |       |     1 |     1 |     5 ||     7
Armor: Scale mail        |    78 |    47 |     3 |       ||   128
       Chain mail        |       |       |    57 |   178 ||   235
Dodge: Dodged            |    77 |    38 |    38 |   112 ||   265
Block: Kite shield       |    87 |    57 |     4 |       ||   148
       Tower shield      |       |       |   155 |   487 ||   642

Table legend:
 A = Non-vault XP
 B = Vault XP
 C = Vault XP percentage of total XP
 D = Non-vault monster count
 E = Vault monster count
 F = Vault count percentage of total count
                 A         B        C        D         E       F
            +---------+---------+-------+---------+---------+-------
      Total |   11219 |    7299 |  39.4 |     231 |      45 |  16.3
            +---------+---------+-------+---------+---------+-------
        D:1 |      46 |       0 |   0.0 |      26 |       0 |   0.0
        D:2 |      43 |       0 |   0.0 |      15 |       0 |   0.0
        D:3 |     287 |       4 |   1.4 |      19 |       2 |   9.5
        D:4 |     171 |     196 |  53.4 |       9 |       6 |  40.0
        D:5 |    1120 |       0 |   0.0 |      20 |       0 |   0.0
        D:6 |    2164 |    1739 |  44.6 |      44 |       8 |  15.4
        D:7 |    1534 |    2597 |  62.9 |      31 |      23 |  42.6
        D:8 |     643 |     465 |  42.0 |      11 |       2 |  15.4
        D:9 |    1393 |    1264 |  47.6 |      28 |       2 |   6.7
       D:10 |    3818 |    1034 |  21.3 |      28 |       2 |   6.7
            +---------+---------+-------+---------+---------+-------
